 Dungeon Crawl Stone Soup version 0.22-a0-565-gfc6459a (webtiles) character file.

18873 Ekaitz the Reanimator (level 12, -1/88 HPs)
             Began as a Mummy Necromancer on June 27, 2018.
             Was an Elder of Sif Muna.
             Killed from afar by a guardian golem (62 damage)
             ... with an exploding inner flame
             ... summoned by the player character
             ... on level 3 of the Lair of Beasts on June 28, 2018.
             The game lasted 01:06:49 (11921 turns).

Ekaitz the Reanimator (Mummy Necromancer)          Turns: 11921, Time: 01:06:50

Health: -1/88      AC: 11    Str: 12    XL:     12   Next: 31%
Magic:  2/24       EV: 14    Int: 21    God:    Sif Muna [****..]
Gold:   533        SH:  5    Dex: 13    Spells: 5/28 levels left

rFire    x . .     SeeInvis .   u - +2 spear (distort)
rCold    + . .     Gourm    .   s - +0 buckler
rNeg     + + +     Faith    .   L - +2 robe
rPois    ∞         Spirit   .   v - +2 helmet
rElec    .         Reflect  .   y - +1 cloak
rCorr    .         Harm     +   m - +0 pair of gloves
MR       +....                  z - +0 pair of boots
Stlth    ++........             n - amulet of harm
HPRegen  0.24/turn              Q - ring of wizardry
MPRegen  0.19/turn              N - +3 ring of intelligence

@: no status effects
A: no food or potions, fire vulnerability, cold resistance 1, negative energy
resistance 3, torment resistance, unbreathing
a: Divine Energy, Channel Magic, Forget Spell, Renounce Religion


You were on level 3 of the Lair of Beasts.
You worshipped Sif Muna.
Sif Muna was greatly pleased with you.
You were not hungry.

You visited 3 branches of the dungeon, and saw 14 of its levels.
You also visited: Ossuary.

You collected 997 gold pieces.
You spent 464 gold pieces at shops.

Inventory:

Hand Weapons
 k - a +6 spear
 l - a +0 long sword
 q - a +0 dagger of freezing
 u - a +2 spear of distortion (weapon)
 w - a +0 arbalest
 x - a +1 whip of freezing
 I - a +2 quarterstaff of chaos
 J - a +1 scimitar of flaming
 K - a cursed -1 spear
 O - a +0 battleaxe of draining
 R - the +10 morningstar "Eos" {elec, Halo rElec}
   (You found it on level 9 of the Dungeon)

   Occasionally, upon striking a foe, it will discharge some electrical energy
   and cause terrible harm.
   It insulates you from electricity.
Missiles
 r - 26 poisoned needles
 A - a throwing net (quivered)
Armour
 a - a +0 robe of fire resistance
 m - a +0 pair of gloves (worn)
 o - a scarf of cloud immunity
 s - a +0 buckler (worn)
 v - a +2 helmet (worn)
 y - a +1 cloak (worn)
 z - a +0 pair of boots (worn)
 F - a +0 shield
 L - a +2 robe (worn)
 U - a +0 troll leather armour
Jewellery
 g - a +2 ring of protection
 n - an amulet of harm (around neck)
 t - an uncursed ring of protection from cold
 N - a +3 ring of intelligence (right hand)
 Q - a ring of wizardry (left hand)
 W - an uncursed amulet of the acrobat
 Z - a +2 ring of dexterity
Wands
 j - a wand of flame (21)
 C - a wand of iceblast (23)
 D - a wand of digging (15)
 E - a wand of acid (15)
 G - a wand of clouds (3)
 P - a wand of random effects (26)
 S - a wand of polymorph (9)
 X - a wand of paralysis (8)
Scrolls
 b - 4 scrolls of teleportation
 c - 9 scrolls of identify
 d - 4 scrolls of fear {unknown}
 e - 2 scrolls of blinking {unknown}
 f - 2 scrolls of enchant weapon {unknown}
 h - a scroll of magic mapping
 i - a scroll of immolation
 p - 6 scrolls of remove curse
 B - a scroll of amnesia {unknown}
 H - 2 scrolls of brand weapon {unknown}
 T - a scroll of holy word {unknown}
 V - a scroll of enchant armour {unknown}
Miscellaneous
 Y - a sack of spiders


   Skills:
 + Level 6.0 Fighting
 + Level 1.2 Maces & Flails
 + Level 8.0 Polearms
 + Level 0.6 Armour
 + Level 4.1 Dodging
 + Level 3.9 Stealth
 + Level 4.8 Shields
 - Level 8.6 Spellcasting
 * Level 2.5 Conjurations
 + Level 3.2 Hexes
 + Level 3.8 Summonings
 + Level 8.8 Necromancy
 * Level 3.1 Ice Magic
 + Level 4.4 Earth Magic
 * Level 3.2 Invocations


You had 5 spell levels left.
You knew the following spells:

 Your Spells              Type           Power        Failure   Level  Hunger
a - Pain                  Necr           ####         1%          1    N/A
b - Animate Skeleton      Necr           N/A          1%          1    N/A
c - Vampiric Draining     Necr           #####.....   1%          3    N/A
d - Animate Dead          Necr           N/A          1%          4    N/A
e - Stone Arrow           Conj/Erth      ###...       2%          3    N/A
i - Call Imp              Summ           ####....     1%          2    N/A
G - Summon Guardian Gole  Hex/Summ       ###.....     2%          3    N/A
I - Summon Ice Beast      Ice/Summ       ###.....     7%          4    N/A
P - Passwall              Tmut/Erth      ###.....     1%          2    N/A

Your spell library contained the following spells:

 Spells                   Type           Power        Failure   Level  Hunger
 Summon Small Mammal      Summ           ####         1%          1    N/A
 Regeneration             Chrm/Necr      ####......   1%          3    N/A
 Call Canine Familiar     Summ           ####....     1%          3    N/A
 Lee's Rapid Deconstruct  Erth           ####......   13%         5    N/A
 Sandblast                Erth           ####..       1%          1    N/A
 Petrify                  Tmut/Erth      ###.....     12%         4    N/A
 Summon Lightning Spire   Summ/Air       ###.....     14%         4    N/A

Dungeon Overview and Level Annotations

Branches:
Dungeon (10/15)            Temple (1/1) D:6            Lair (3/6) D:10
  Snake (0/4) Lair:2          Orc (0/2) D:9
  Swamp: Lair:2-4    Shoals: Lair:2-4

Altars:
Ashenzari
Cheibriados
Dithmenos
Elyvilon
Fedhas
Gozag
Hepliaklqana
Kikubaaqudgha
Makhleb
Nemelex Xobeh
Okawaru
Qazlal
Ru
Sif Muna
Trog
Uskayaw
Vehumet
Wu Jian
Xom
Yredelemnul
Zin
The Shining One

Shops:
D:6 *[   D:8 [   D:9 =

Annotations:
Lair:3 exclusion: ice statue
Abyss:1 Psyche


Innate Abilities, Weirdness & Mutations

You do not eat or drink.
Your flesh is vulnerable to fire.
You are immune to poison.
Your flesh is cold resistant. (rC+)
You are immune to negative energy. (rN+++)
You are immune to unholy pain and torment.
You can survive without breathing.


Message History

Aim: a five-headed hydra (heavily wounded, slow)
The plant is in the way.
You puncture the plant!
Space warps horribly around the plant!
The plant is almost destroyed.
Your guardian golem overheats!
Unknown command.
Attack whom?
Press: ? - help, Dir - move target cursor, f/p - five-headed hydra
Aim: a five-headed hydra (heavily wounded, slow)
You reach to attack!
You hit the five-headed hydra but do no damage.
Space warps horribly around the five-headed hydra!
The five-headed hydra is severely wounded.
The five-headed hydra bites your ice beast! x3
The five-headed hydra bites your ice beast but does no damage.
The five-headed hydra bites your ice beast!
Your guardian golem explodes!
The fiery explosion engulfs you! The fire burns you terribly!
Ouch! That really hurt!
You die...

#.##≈..≈≈≈≈≈.≈..#..
#≈.'ZZ..........'..
#.≈#≈≈≈.≈≈≈≈#≈..#..
#'##.##≈≈≈≈≈#≈≈.#..
#..#≈.#≈≈≈≈≈#####..
#Z≈≈.≈#..≈≈≈≈≈ ...
#Z#####≈.≈≈≈≈≈. ...
#ZY≈≈P#..≈≈≈≈≈.....
#§@.P.#..≈≈≈≈≈≈. ..
#YPP.≈# #≈D≈..#
#≈P.≈.# #≈≈.≈..)
#########


You could see a five-headed hydra, 2 friendly ice beasts, a friendly crocodile
zombie, a friendly yak zombie and a friendly spiny frog zombie.

Vanquished Creatures
  Gastronok (D:8)
  A hydra (Lair:2)
  Erica (D:8)
  A two-headed ogre (D:10)
  A black mamba (Lair:3)
  3 spiny frogs
  2 komodo dragons
  2 trolls
  2 polar bears (Lair:3)
  A hornet (D:10)
  4 hippogriffs
  2 basilisks (Lair:3)
  2 hungry ghosts
  14 yaks
  4 nagas (Lair:2)
  3 water moccasins (Lair:2)
  2 porcupines
  3 orc warriors
  5 ice beasts
  A slave (D:5)
  2 necrophages
  A sky beast (D:5)
  2 phantoms
  6 ogres
  2 wolves (Lair:3)
  4 centaurs
  3 crocodiles
  A gnoll sergeant (D:6)
  5 bullfrogs
  2 elf skeletons (D:5)
  5 scorpions
  8 killer bees
  3 howler monkeys
  A bullfrog zombie (D:7)
  2 crimson imps (D:9)
  A jelly (D:6)
  10 orc wizards
  2 quasits
  3 bullfrog skeletons
  2 orc priests
  Crazy Yiuf (D:7)
  2 human zombies (D:5)
  3 hounds
  Jessica (D:3)
  3 human skeletons (D:5)
  8 worker ants
  Ijyb (D:3)
  An iguana (D:4)
  Natasha (thrice) (D:3)
  A hound zombie (D:9)
  A hound skeleton (D:4)
  A mummy (D:5)
  3 gnolls (D:6)
  9 adders
  A shadow imp (D:7)
  An ooze (D:2)
  An adder skeleton (D:9)
  An adder zombie (D:10)
  A worm (D:3)
  A dart slug (D:4)
  7 leopard geckos
  25 orcs
  6 bats
  7 giant cockroaches
  6 hobgoblins
  9 jackals
  4 kobolds
  5 quokkas
  2 ball pythons
  4 frilled lizards
  9 goblins
  2 orc skeletons (D:5)
  An orc zombie (D:5)
  A quokka skeleton (D:7)
  7 rats
  A spectral orc (D:5)
  A fungus (D:7)
261 creatures vanquished.

Vanquished Creatures (collateral kills)
  A hydra (Lair:1)
  Pikel (D:5)
  A black mamba (Lair:2)
  A molten gargoyle (Lair:3)
  4 spiny frogs
  A polar bear (Lair:2)
  A hippogriff (Lair:1)
  A yak (Lair:3)
  A soldier ant (D:10)
  4 water moccasins
  A porcupine (Lair:3)
  An ice beast (Lair:3)
  A phantom (D:5)
  2 ogres
  2 wolves (Lair:3)
  2 crocodiles (Lair:3)
  A bullfrog (Lair:3)
  An elf skeleton (D:5)
  A scorpion (Lair:1)
  2 killer bees
  A crimson imp (D:10)
  A hound (D:9)
  An orc wizard (D:9)
  A killer bee zombie (D:9)
  2 adders
  A gnoll (D:6)
  2 leopard geckos
  4 orcs
  5 goblins
  3 jackals
  A kobold (D:2)
  A quokka (D:10)
  A quokka skeleton (D:5)
54 creatures vanquished.

Vanquished Creatures (others)
  A basilisk (Lair:2)
  A yak (Lair:2)
  A water moccasin (Lair:3)
  An ice beast (Lair:3)
  A hound (D:8)
  An orc (D:9)
  2 fungi (Lair:2)
  2 plants (Lair:2)
10 creatures vanquished.

Grand Total: 325 creatures vanquished

Notes
Turn   | Place    | Note
-------+----------+-------------------------------------------
     0 | D:1      | Ekaitz the Mummy Necromancer began the quest for the Orb.
     0 | D:1      | Reached XP level 1. HP: 13/13 MP: 4/4
     9 | D:1      | Learned a level 1 spell: Animate Skeleton
   255 | D:1      | Reached XP level 2. HP: 19/19 MP: 2/5
   899 | D:2      | Found an ornate altar of the Wu Jian Council.
  1046 | D:2      | Reached XP level 3. HP: 18/24 MP: 4/7
  1051 | D:2      | Learned a level 3 spell: Vampiric Draining
  1210 | D:2      | Found a white marble altar of Elyvilon.
  1219 | D:2      | Upgraded the game from 0.22-a0-558-gc224181 to 0.22-a0-565-gfc6459a
  1373 | D:2      | Found a glowing silver altar of Zin.
  1500 | D:3      | Noticed Natasha
  1540 | D:3      | Killed Natasha
  1540 | D:3      | Reached skill level 1 in Maces & Flails
  1540 | D:3      | Reached skill level 5 in Necromancy
  1540 | D:3      | Reached XP level 4. HP: 13/31 MP: 0/9
  1737 | D:3      | Learned a level 4 spell: Animate Dead
  1752 | D:3      | Noticed Ijyb
  1753 | D:3      | Noticed Natasha
  1757 | D:3      | Killed Natasha
  1793 | D:3      | Killed Ijyb
  1793 | D:3      | Reached XP level 5. HP: 22/36 MP: 0/11
  2137 | D:3      | Noticed Natasha
  2144 | D:3      | Killed Natasha
  2144 | D:3      | Reached skill level 1 in Fighting
  2474 | D:3      | Noticed Jessica
  2478 | D:3      | Killed Jessica
  2594 | D:4      | Reached skill level 1 in Polearms
  2617 | D:4      | Reached XP level 6. HP: 6/44 MP: 5/12
  3038 | D:4      | Reached XP level 7. HP: 35/51 MP: 12/14
  3487 | D:5      | Entered Level 5 of the Dungeon
  3523 | D:5      | Reached skill level 5 in Spellcasting
  3527 | D:5      | Found a snail-covered altar of Cheibriados.
  3693 | D:5      | Found a basalt altar of Yredelemnul.
  3814 | D:5      | Reached skill level 1 in Shields
  3822 | D:5      | Reached XP level 8. HP: 26/59 MP: 13/15
  3923 | D:5      | Found a sand-covered staircase.
  4001 | Ossuary  | Entered an ossuary
  4004 | Ossuary  | HP: 3/60 [arrow trap (9)]
  4497 | D:5      | Noticed Pikel
  4515 | D:5      | Killed Pikel
  4515 | D:5      | Reached skill level 5 in Polearms
  4827 | D:6      | Learned a level 2 spell: Call Imp
  4908 | D:6      | Found Nocven's Assorted Antiques.
  4928 | D:6      | Reached XP level 9. HP: 56/66 MP: 9/18
  4935 | D:6      | Bought a scroll labeled VAFRUI LAKHLUSO for 28 gold pieces
  4935 | D:6      | Bought a blackened glass wand for 112 gold pieces
  4935 | D:6      | Bought a scroll labeled ROOQAH BEMAT for 28 gold pieces
  4947 | D:6      | Reached skill level 1 in Summonings
  5113 | D:6      | Found Rapsitos's Armour Boutique.
  5117 | D:6      | Bought a +2 helmet for 181 gold pieces
  5252 | D:6      | Found a staircase to the Ecumenical Temple.
  5261 | Temple   | Entered the Ecumenical Temple
  5324 | Temple   | Became a worshipper of Sif Muna the Loreminder
  5329 | Temple   | Learned a level 3 spell: Summon Guardian Golem
  5543 | D:7      | Learned a level 2 spell: Passwall
  5795 | D:7      | Found a burning altar of Makhleb.
  5873 | D:7      | Reached skill level 1 in Earth Magic
  5950 | D:7      | Found a blossoming altar of Fedhas.
  6070 | D:7      | Reached * piety under Sif Muna
  6248 | D:7      | Found a runed door.
  6252 | D:7      | Noticed Crazy Yiuf
  6259 | D:7      | Killed Crazy Yiuf
  6315 | D:8      | Reached skill level 1 in Hexes
  6338 | D:8      | Found Geatil's Armour Emporium.
  6343 | D:8      | Bought a +0 robe of fire resistance for 115 gold pieces
  6427 | D:8      | Found a shattered altar of Ashenzari.
  6510 | D:8      | Noticed Erica
  6519 | D:8      | Noticed a troll
  6526 | D:8      | Killed a troll
  6530 | D:8      | Killed Erica
  6530 | D:8      | Reached XP level 10. HP: 32/73 MP: 0/21
  6676 | D:8      | Noticed Gastronok
  6736 | D:8      | Killed Gastronok
  6736 | D:8      | Reached ** piety under Sif Muna
  7199 | D:8      | Got a crude short sword
  7252 | D:8      | Noticed Psyche
  7253 | D:8      | Banished Psyche
  7253 | D:8      | Reached skill level 5 in Fighting
  7512 | D:9      | Noticed a hand axe
  7512 | D:9      | Noticed a dagger
  7513 | D:9      | Found a hide-covered altar of Uskayaw.
  7556 | D:9      | Found the +10 morningstar "Eos" {elec, Halo rElec}
  7694 | D:9      | Found a shimmering altar of Xom.
  7741 | D:9      | Found a staircase to the Orcish Mines.
  7834 | D:9      | Found Ofelamit's Jewellery Shop.
  8071 | D:9      | Reached *** piety under Sif Muna
  8071 | D:9      | Reached XP level 11. HP: 38/79 MP: 4/23
  8321 | D:10     | Entered Level 10 of the Dungeon
  8344 | D:10     | Noticed a two-headed ogre
  8352 | D:10     | Killed a two-headed ogre
  8719 | D:10     | Found a staircase to the Lair.
  9019 | Lair:1   | Entered Level 1 of the Lair of Beasts
  9255 | Lair:1   | Learned a level 3 spell: Stone Arrow
  9258 | Lair:1   | Noticed a seven-headed hydra
  9265 | Lair:1   | Learned a level 4 spell: Summon Ice Beast
  9534 | Lair:1   | Killed a seven-headed hydra
  9534 | Lair:1   | Reached skill level 1 in Invocations
  9549 | Lair:1   | Reached skill level 1 in Ice Magic
 10034 | Lair:2   | Reached skill level 1 in Conjurations
 10038 | Lair:2   | Noticed an eight-headed hydra
 10172 | Lair:2   | Identified the +8 short sword "Atzahupn" {pierce, rF+ MR+ Str-5} (You found it on level 8 of the Dungeon)
 10384 | Lair:2   | Reached **** piety under Sif Muna
 10541 | Lair:2   | Killed an eight-headed hydra
 10616 | Lair:2   | Found a staircase to the Snake Pit.
 10647 | Lair:2   | Reached XP level 12. HP: 73/87 MP: 11/24
 11719 | Lair:3   | HP: 2/88 [crocodile (16)]
 11911 | Lair:3   | Noticed a five-headed hydra
 11921 | Lair:3   | Killed from afar by a guardian golem

Vault maps used:
D:1:      erik_arrival_blinker_ship, minmay_misc_feat_five
D:2:      marbit_many_paths, lemuel_coloured_pillars_altar,
          nicolae_overflow_crystal_walls
D:3:      uniq_jessica, uniq_ijyb, uniq_natasha
D:5:      yredelemnul_forgotten_temple_becter, nicolae_ossuary_entry_catacombs,
          first_ration, chei_slow_surprise, uniq_pikel
D:6:      lemuel_temple_firewalk_b, serial_shops, shop_fountains, shop
D:7:      old_standard_altar, basic_altar, uniq_crazy_yiuf_cottage
D:8:      overflow_temple_1_default, serial_shops, shop, uniq_gastronok,
          uniq_erica, uniq_psyche
D:9:      tgw_xom, dancing_weapons_uskayaw, serial_shops,
          nicolae_shop_waterfront
D:10:     lair_entry_dummy, hangedman_pestilent_swarm
Temple:   eino_temple_lava
Lair:1:   grunt_megastairs_2
Lair:2:   minmay_snake_entry_guardpost_medium, minmay_stone_trees_medium,
          serial_bayou_shore_a
Lair:3:   cheibrodos_lair_river_kwai, swamp_mist, ice2_lemuel
Ossuary:  ossuary_the_hunt_dpeg

Skill      XL: |  1  2  3  4  5  6  7  8  9 10 11 12 |
---------------+-------------------------------------+-----
Spellcasting   | 3 4 5 6 7 8 |  8.6
Maces & Flails | 1 |  1.2
Necromancy     | 5 6 7 8 |  8.8
Fighting       | 2 3 4 5 6 |  6.0
Polearms       | 1 2 3 5 6 7 8 |  8.0
Dodging        | 2 3 4 |  4.1
Stealth        | 2 3 |  3.9
Shields        | 1 2 3 4 |  4.8
Summonings     | 2 3 |  3.8
Earth Magic    | 2 3 4 |  4.4
Hexes          | 1 3 |  3.2
Invocations    | 2 3 |  3.2
Ice Magic      | 2 3 |  3.1
Conjurations   | 2 |  2.5
Armour         | |  0.6

Action                   |  1- 3 |  4- 6 |  7- 9 | 10-12 || total
-------------------------+-------+-------+-------+-------++-------
Melee: Whip              |    45 |    42 |       |       ||    87
       Spear             |       |    93 |   342 |   560 ||   995
 Cast: Pain              |    57 |     2 |    10 |     6 ||    75
       Animate Skeleton  |    18 |     4 |       |       ||    22
       Vampiric Draining |     5 |    15 |    28 |    29 ||    77
       Animate Dead      |       |     7 |    25 |    44 ||    76
       Call Imp          |       |       |     6 |     8 ||    14
       Summon Guardian G |       |       |     1 |     4 ||     5
       Stone Arrow       |       |       |       |    30 ||    30
       Summon Ice Beast  |       |       |       |    18 ||    18
Invok: Divine Energy     |       |       |       |     1 ||     1
       Stop Divine Energ |       |       |       |     1 ||     1
Evoke: Wand              |       |       |     2 |       ||     2
  Use: Scroll            |       |       |     2 |     9 ||    11
 Stab: Sleeping          |       |     3 |     7 |    15 ||    25
       Distracted        |       |       |     1 |     6 ||     7
Armor: Robe              |    10 |    21 |    28 |   153 ||   212
       Leather armour    |       |       |    31 |       ||    31
Dodge: Dodged            |    48 |    71 |   130 |   238 ||   487
Block: Buckler           |       |       |       |    80 ||    80

Table legend:
 A = Spawn XP
 B = Non-spawn XP
 C = Spawn XP percentage of total XP
 D = Spawn monster count
 E = Non-spawn monster count
 F = Spawn count percentage of total count
 G = Total turns spent on level
                    A         B        C        D         E        F      G
               +---------+---------+-------+---------+---------+-------+---------
         Total |       0 |   26962 |   0.0 |       0 |     320 |   0.0 | 11921
               +---------+---------+-------+---------+---------+-------+---------
           D:1 |       0 |      25 |   0.0 |       0 |      16 |   0.0 |   752
           D:2 |       0 |      67 |   0.0 |       0 |      26 |   0.0 |  1055
           D:3 |       0 |     225 |   0.0 |       0 |      27 |   0.0 |   732
           D:4 |       0 |     561 |   0.0 |       0 |      21 |   0.0 |   948
           D:5 |       0 |    1698 |   0.0 |       0 |      28 |   0.0 |  1187
           D:6 |       0 |     798 |   0.0 |       0 |      26 |   0.0 |   747
           D:7 |       0 |    1016 |   0.0 |       0 |      26 |   0.0 |   765
           D:8 |       0 |    4676 |   0.0 |       0 |      21 |   0.0 |  1090
           D:9 |       0 |    2627 |   0.0 |       0 |      44 |   0.0 |   930
          D:10 |       0 |    2558 |   0.0 |       0 |      18 |   0.0 |   698
        Lair:1 |       0 |    2700 |   0.0 |       0 |      11 |   0.0 |   967
        Lair:2 |       0 |    5028 |   0.0 |       0 |      24 |   0.0 |  1025
        Lair:3 |       0 |    4983 |   0.0 |       0 |      32 |   0.0 |   910
               +---------+---------+-------+---------+---------+-------+---------
